ORI
COASTAL CAROLINA UNIVERSITY CHANTICLEERS @ UNIVERSITY OF SOUTHERN CALIFORNIA TROJANS
11/20/2047
 
TOP OF THE 1ST
University of Southern California Trojans batting - Pitching for University of Oklahoma Sooners : LHP Billy Bradburn
Pitching: LHP Billy Bradburn
Batting: RHB Jochen Schanz 0-0: Foul Ball, location: 2F
0-1: Ball
1-1: Foul Ball, location: 2F
1-2: Foul Ball, location: 2F
1-2: Ground out 6-3 (Groundball, 6, EV 107.5 MPH)
Batting: SHB Jason Keys 0-0: Called Strike
0-1: Ball
1-1: Ground out 1-3 (Groundball, 34S, EV 68.8 MPH)
Batting: RHB Eric Baker 0-0: Foul Ball, location: 2F
0-1: Ball
1-1: Called Strike
1-2: SOLO HOME RUN (Flyball, 7D, EV 96.9 MPH), Distance : 359 ft
Batting: RHB Liangde Zhou 0-0: Ball
1-0: Ball
2-0: Foul Ball, location: 2F
2-1: Called Strike
2-2: Ball
3-2: Base on Balls
Batting: LHB Eli Evenson 0-0: DOUBLE (Line Drive, 5D, EV 95.6 MPH)
Liangde Zhou to third
Runner from 3rd tries for Home, throw by LF and OUT! 7-6-2
Top of the 1st over - 1 run, 2 hits, 0 errors, 1 left on base; University of Southern California 1 - University of Oklahoma 0
BOTTOM OF THE 1ST
University of Oklahoma Sooners batting - Pitching for University of Southern California Trojans : LHP Cole Corkum
Pitching: LHP Cole Corkum
Batting: RHB Virgil Wenz 0-0: Ball
1-0: Ball
2-0: Called Strike
2-1: Swinging Strike
2-2: Strikes out swinging
Batting: RHB Myles Sabine 0-0: Ground out 6-3 (Groundball, 6, EV 85.0 MPH)
Batting: SHB Orlando Uribe 0-0: Ground out 5-3 (Groundball, 5, EV 86.2 MPH)
Bottom of the 1st over - 0 runs, 0 hits, 0 errors, 0 left on base; University of Southern California 1 - University of Oklahoma 0
TOP OF THE 2ND
University of Southern California Trojans batting - Pitching for University of Oklahoma Sooners : LHP Billy Bradburn
Batting: RHB Jim Baltazar 0-0: Ball
1-0: Ball
2-0: Foul Ball, location: 2F
2-1: Swinging Strike
2-2: Ground out 6-3 (Groundball, 6MS, EV 76.9 MPH)
Batting: RHB Tri Kartini 0-0: SINGLE (Groundball, 34D, EV 96.2 MPH)
Batting: RHB John Sandberg 0-0: Foul Ball, location: 2F
0-1: Fielders Choice at 2nd, 1-6 (Groundball, 13S, EV 64.4 MPH)
Batting: LHB Roger Kean 0-0: Ball
1-0: Swinging Strike
1-1: Swinging Strike
1-2: Ball
Wild Pitch!
John Sandberg to second
2-2: Ball
3-2: Ground out U3 (Groundball, 3, EV 100.0 MPH)
Top of the 2nd over - 0 runs, 1 hit, 0 errors, 1 left on base; University of Southern California 1 - University of Oklahoma 0
BOTTOM OF THE 2ND
University of Oklahoma Sooners batting - Pitching for University of Southern California Trojans : LHP Cole Corkum
Batting: RHB Ruben Arreola 0-0: Called Strike
0-1: Ball
1-1: Foul Ball, location: 2F
1-2: Ground out U3 (Groundball, 34S, EV 78.8 MPH)
Batting: RHB Sugiarto Kartosuwiryo 0-0: Foul Ball, location: 2F
0-1: Swinging Strike
0-2: Strikes out swinging
Batting: RHB Kjeld Leen 0-0: Called Strike
0-1: Ball
1-1: Called Strike
1-2: Ball
2-2: Foul Ball, location: 2F
2-2: Ball
3-2: Strikes out swinging
Bottom of the 2nd over - 0 runs, 0 hits, 0 errors, 0 left on base; University of Southern California 1 - University of Oklahoma 0
TOP OF THE 3RD
University of Southern California Trojans batting - Pitching for University of Oklahoma Sooners : LHP Billy Bradburn
Batting: RHB Jochen Schanz 0-0: Ball
1-0: Foul Ball, location: 2F
1-1: Called Strike
1-2: Ball
2-2: Ground out 4-3 (Groundball, 4S, EV 87.5 MPH)
Batting: SHB Jason Keys 0-0: Ball
1-0: Ball
2-0: Ball
3-0: Base on Balls
Batting: RHB Eric Baker 0-0: Ball
1-0: DOUBLE (Line Drive, 78D, EV 107.5 MPH)
Jason Keys to third
Runner from 3rd tries for Home, SAFE, throw by LF to home
Batting: RHB Liangde Zhou 0-0: Fly out, F9 (Line Drive, 9D, EV 93.1 MPH)
Batting: LHB Eli Evenson 0-0: Swinging Strike
0-1: Swinging Strike
0-2: Ball
1-2: Ball
2-2: Foul Ball, location: 2F
2-2: Foul Ball, location: 2F
2-2: Ball
3-2: Foul Ball, location: 2F
3-2: Strikes out swinging
Top of the 3rd over - 1 run, 1 hit, 0 errors, 1 left on base; University of Southern California 2 - University of Oklahoma 0
BOTTOM OF THE 3RD
University of Oklahoma Sooners batting - Pitching for University of Southern California Trojans : LHP Cole Corkum
Batting: RHB David Stuckey 0-0: Called Strike
0-1: Called Strike
0-2: Strikes out swinging
Batting: LHB Pedro Marrero 0-0: Foul Ball, location: 2F
0-1: Swinging Strike
0-2: Ball
1-2: Ball
2-2: Strikes out looking
Batting: LHB Nelson Morales 0-0: Foul Ball, location: 2F
0-1: Ball
1-1: Ball
2-1: Foul Ball, location: 2F
2-2: Fly out, F1 (Popup, 15, EV 83.8 MPH)
Bottom of the 3rd over - 0 runs, 0 hits, 0 errors, 0 left on base; University of Southern California 2 - University of Oklahoma 0
TOP OF THE 4TH
University of Southern California Trojans batting - Pitching for University of Oklahoma Sooners : LHP Billy Bradburn
Batting: RHB Jim Baltazar 0-0: Ball
1-0: Called Strike
1-1: Swinging Strike
1-2: Strikes out swinging
Batting: RHB Tri Kartini 0-0: Ball
1-0: Ball
2-0: Called Strike
2-1: Ground out 5-3 (Groundball, 56, EV 85.0 MPH)
Batting: RHB John Sandberg 0-0: Ball
1-0: Called Strike
1-1: Swinging Strike
1-2: Foul Ball, location: 2F
1-2: Ball
2-2: Ground out 3-1 (Groundball, 34S, EV 75.6 MPH)
Top of the 4th over - 0 runs, 0 hits, 0 errors, 0 left on base; University of Southern California 2 - University of Oklahoma 0
BOTTOM OF THE 4TH
University of Oklahoma Sooners batting - Pitching for University of Southern California Trojans : LHP Cole Corkum
Batting: RHB Virgil Wenz 0-0: Foul Ball, location: 2F
0-1: Swinging Strike
0-2: Ball
1-2: Strikes out swinging
Batting: RHB Myles Sabine 0-0: Swinging Strike
0-1: Swinging Strike
0-2: Strikes out looking
Batting: SHB Orlando Uribe 0-0: Foul Ball, location: 2F
0-1: Swinging Strike
0-2: Strikes out looking
Bottom of the 4th over - 0 runs, 0 hits, 0 errors, 0 left on base; University of Southern California 2 - University of Oklahoma 0
TOP OF THE 5TH
University of Southern California Trojans batting - Pitching for University of Oklahoma Sooners : LHP Billy Bradburn
Pitching: LHP Jeff Bruggeman
Batting: LHB Roger Kean 0-0: Called Strike
0-1: Ball
1-1: Ball
2-1: Ball
3-1: Base on Balls
Batting: RHB Jochen Schanz 0-0: Ball
1-0: Grounds into double play, 4-6-3 (Groundball, 34, EV 101.9 MPH)
Batting: SHB Jason Keys 0-0: Ball
1-0: Ball
2-0: Called Strike
2-1: Ground out 3-1 (Groundball, 34S, EV 87.5 MPH)
Top of the 5th over - 0 runs, 0 hits, 0 errors, 0 left on base; University of Southern California 2 - University of Oklahoma 0
BOTTOM OF THE 5TH
University of Oklahoma Sooners batting - Pitching for University of Southern California Trojans : LHP Cole Corkum
Batting: RHB Ruben Arreola 0-0: Ball
1-0: Called Strike
1-1: Fly out, F7 (Flyball, 7S, EV 75.6 MPH)
Batting: RHB Sugiarto Kartosuwiryo 0-0: Foul Ball, location: 2F
0-1: Foul Ball, location: 2F
0-2: Ball
1-2: Ball
2-2: Ball
3-2: Fly out, F8 (Flyball, 8LXD, EV 101.9 MPH)
Batting: RHB Kjeld Leen 0-0: Swinging Strike
0-1: Ball
1-1: Ball
2-1: Swinging Strike
2-2: Strikes out swinging
Bottom of the 5th over - 0 runs, 0 hits, 0 errors, 0 left on base; University of Southern California 2 - University of Oklahoma 0
TOP OF THE 6TH
University of Southern California Trojans batting - Pitching for University of Oklahoma Sooners : LHP Jeff Bruggeman
Batting: RHB Eric Baker 0-0: Called Strike
0-1: Ball
1-1: Foul Ball, location: 2F
1-2: TRIPLE (Line Drive, 89XD, EV 111.9 MPH)
Batting: RHB Liangde Zhou 0-0: Intentional Walk
Batting: LHB Eli Evenson 0-0: Foul Ball, location: 2F
0-1: Called Strike
0-2: Ball
1-2: Strikes out swinging
Batting: RHB Jim Baltazar 0-0: Called Strike
0-1: Ball
Wild Pitch!
Eric Baker scores
Liangde Zhou to second
1-1: Intentional Walk
Batting: RHB Tri Kartini 0-0: Ball
Liangde Zhou steals 3rd, throwing error, E2
Liangde Zhou scores
Jim Baltazar to third
1-0: Ball
2-0: Ball
3-0: Called Strike
3-1: Foul Ball, location: 2F
3-2: Strikes out swinging
Batting: RHB John Sandberg 0-0: Intentional Walk
Batting: LHB Roger Kean 0-0: Called Strike
0-1: Fielders Choice at 2nd, 5-4 (Groundball, 56, EV 86.2 MPH)
Top of the 6th over - 2 runs, 1 hit, 1 error, 2 left on base; University of Southern California 4 - University of Oklahoma 0
BOTTOM OF THE 6TH
University of Oklahoma Sooners batting - Pitching for University of Southern California Trojans : LHP Cole Corkum
Batting: RHB David Stuckey 0-0: Called Strike
0-1: Swinging Strike
0-2: Ball
1-2: Foul Ball, location: 2F
1-2: Ball
2-2: Foul Ball, location: 2F
2-2: Ball
3-2: Foul Ball, location: 2F
3-2: Foul Ball, location: 2F
3-2: Foul Ball, location: 2F
3-2: Foul Ball, location: 2F
3-2: Foul Ball, location: 2F
3-2: Foul Ball, location: 2F
3-2: Ground out 5-3 (Groundball, 56, EV 82.5 MPH)
Batting: LHB Pedro Marrero 0-0: Ball
1-0: Fly out, F4 (Line Drive, 4MD, EV 72.5 MPH)
Batting: LHB Nelson Morales 0-0: Foul Ball, location: 2F
0-1: Foul Ball, location: 2F
0-2: Strikes out looking
Bottom of the 6th over - 0 runs, 0 hits, 0 errors, 0 left on base; University of Southern California 4 - University of Oklahoma 0
TOP OF THE 7TH
University of Southern California Trojans batting - Pitching for University of Oklahoma Sooners : LHP Jeff Bruggeman
Pitching: RHP Hi-yuan Hui
Batting: RHB Jochen Schanz 0-0: Called Strike
0-1: Ball
1-1: Called Strike
1-2: Ball
2-2: Ball
3-2: Base on Balls
Batting: SHB Jason Keys 0-0: Called Strike
0-1: Bunted foul
0-2: Ball
1-2: Ball
2-2: Fly out, F3 (Popup, 34S, EV 41.9 MPH)
Batting: RHB Eric Baker 0-0: Called Strike
0-1: Ball
1-1: DOUBLE (Line Drive, 7LS, EV 96.2 MPH)
Jochen Schanz to third
Batting: RHB Liangde Zhou 0-0: Ball
1-0: Ball
2-0: Ball
3-0: Base on Balls
Batting: LHB Eli Evenson 0-0: GRAND SLAM HOME RUN (Flyball, 9LD, EV 94.4 MPH), Distance : 345 ft
Pitching: RHP Mike Lofgren
Batting: RHB Jim Baltazar 0-0: Ground out 1-3 (Groundball, 15S, EV 63.1 MPH)
Batting: RHB Tri Kartini 0-0: Ball
1-0: Foul Ball, location: 2F
1-1: Ball
2-1: Called Strike
2-2: Foul Ball, location: 2F
2-2: Ball
3-2: Reached via error on a dropped throw from 1B, E1 (Groundball, 34, EV 95.0 MPH)
Batting: RHB John Sandberg 0-0: Foul Ball, location: 2F
0-1: Ground out 4-3 (Groundball, 4, EV 88.1 MPH)
Top of the 7th over - 4 runs, 2 hits, 1 error, 1 left on base; University of Southern California 8 - University of Oklahoma 0
BOTTOM OF THE 7TH
University of Oklahoma Sooners batting - Pitching for University of Southern California Trojans : LHP Cole Corkum
Batting: RHB Virgil Wenz 0-0: Called Strike
0-1: Swinging Strike
0-2: Ball
1-2: Ball
2-2: Ball
3-2: Strikes out swinging
Batting: RHB Myles Sabine 0-0: Ball
1-0: Ball
2-0: Called Strike
2-1: Foul Ball, location: 2F
2-2: Strikes out swinging
Batting: SHB Orlando Uribe 0-0: Foul Ball, location: 2F
0-1: Ball
1-1: Foul Ball, location: 2F
1-2: Strikes out swinging
Bottom of the 7th over - 0 runs, 0 hits, 0 errors, 0 left on base; University of Southern California 8 - University of Oklahoma 0
TOP OF THE 8TH
University of Southern California Trojans batting - Pitching for University of Oklahoma Sooners : RHP Mike Lofgren
Batting: LHB Roger Kean 0-0: Ball
1-0: Called Strike
1-1: Called Strike
1-2: Foul Ball, location: 2F
1-2: Strikes out swinging
Batting: RHB Jochen Schanz 0-0: Ball
1-0: Foul Ball, location: 2F
1-1: Foul Ball, location: 2F
1-2: Ground out 3-1 (Groundball, 34S, EV 68.8 MPH)
Batting: SHB Jason Keys 0-0: Called Strike
0-1: SINGLE (Line Drive, 9S, EV 110.0 MPH)
Batting: RHB Eric Baker 0-0: Ball
1-0: Called Strike
1-1: Foul Ball, location: 2F
1-2: Ball
2-2: Ball
3-2: Foul Ball, location: 2F
3-2: Foul Ball, location: 2F
3-2: Base on Balls
Jason Keys to second
Batting: RHB Liangde Zhou 0-0: Ball
1-0: Called Strike
1-1: Ball
2-1: Fly out, F7 (Line Drive, 78M, EV 103.8 MPH)
Top of the 8th over - 0 runs, 1 hit, 0 errors, 2 left on base; University of Southern California 8 - University of Oklahoma 0
BOTTOM OF THE 8TH
University of Oklahoma Sooners batting - Pitching for University of Southern California Trojans : LHP Cole Corkum
Batting: RHB Ruben Arreola 0-0: Ground out 1-3 (Groundball, 15, EV 66.2 MPH)
Batting: RHB Sugiarto Kartosuwiryo 0-0: Ground out 5-3 (Groundball, 56, EV 82.5 MPH)
Batting: RHB Kjeld Leen 0-0: Foul Ball, location: 2F
0-1: Ball
1-1: Ball
2-1: Foul Ball, location: 2F
2-2: Strikes out swinging
Bottom of the 8th over - 0 runs, 0 hits, 0 errors, 0 left on base; University of Southern California 8 - University of Oklahoma 0
TOP OF THE 9TH
University of Southern California Trojans batting - Pitching for University of Oklahoma Sooners : RHP Mike Lofgren
Batting: LHB Eli Evenson 0-0: Foul Ball, location: 2F
0-1: Ground out 6-3 (Groundball, 6, EV 88.1 MPH)
Batting: RHB Jim Baltazar 0-0: Ball
1-0: Swinging Strike
1-1: Called Strike
1-2: Foul Ball, location: 2F
1-2: Strikes out swinging
Batting: RHB Tri Kartini 0-0: Ball
1-0: Called Strike
1-1: Ball
2-1: Ball
3-1: Foul Ball, location: 2F
3-2: DOUBLE (Line Drive, 9LS, EV 98.1 MPH)
Batting: RHB John Sandberg 0-0: Called Strike
0-1: Ball
1-1: Swinging Strike
1-2: Ground out 5-3 (Groundball, 56, EV 84.4 MPH)
Top of the 9th over - 0 runs, 1 hit, 0 errors, 1 left on base; University of Southern California 8 - University of Oklahoma 0
BOTTOM OF THE 9TH
University of Oklahoma Sooners batting - Pitching for University of Southern California Trojans : LHP Cole Corkum
Batting: RHB David Stuckey 0-0: Swinging Strike
0-1: Ball
1-1: Called Strike
1-2: Ball
2-2: Strikes out swinging
Batting: LHB Pedro Marrero 0-0: Ball
1-0: Called Strike
1-1: Ball
2-1: Called Strike
2-2: Foul Ball, location: 2F
2-2: SINGLE (Groundball, 4D, EV 107.5 MPH)
Pitching: RHP Abizar Djajadiningrat
Pinch Hitting: LHB Jon Terrones 0-0: Called Strike
0-1: Ball
1-1: Foul Ball, location: 2F
1-2: Ball
2-2: Ball
3-2: SINGLE (Flyball, 9, EV 82.5 MPH)
Pedro Marrero to second
Batting: RHB Virgil Wenz 0-0: Called Strike
0-1: Ball
1-1: Foul Ball, location: 2F
1-2: Ball
2-2: Ball
3-2: Fly out, F4 (Popup, 4S, EV 62.5 MPH)
Pinch Hitting: RHB Jon Chatman 0-0: Ball
1-0: Called Strike
1-1: Ball
2-1: Swinging Strike
2-2: Foul Ball, location: 2F
2-2: Foul Ball, location: 2F
2-2: Ball
3-2: Base on Balls
Pedro Marrero to third
Jon Terrones to second
Batting: SHB Orlando Uribe 0-0: Reached on error, E4 (Groundball, 4, EV 83.1 MPH)
Pedro Marrero scores
Jon Terrones scores
Jon Chatman to third
Batting: RHB Ruben Arreola 0-0: Foul Ball, location: 2F
0-1: Ball
1-1: Foul Ball, location: 2F
1-2: Foul Ball, location: 2F
1-2: Ground out 5-3 (Groundball, 56S, EV 70.6 MPH)
Bottom of the 9th over - 2 runs, 2 hits, 1 error, 2 left on base; University of Southern California 8 - University of Oklahoma 2
Thursday, December 15th , 2022 - OOTP Baseball 23.9 Build 102